cohdb
Replays
Latest Replays
All Replays
Popular Replays
Top Player Replays
Match Explorer
How It Works
Community
CoH3 Stats
Reddit
Sign in to upload your games and track your stats! →
Sign in with Steam
Match 45733907
Unlisted
Match 45733907
Overview
Messages
Build Orders
End
Construct Infanterie Kompanie
Pioneer Squad
MG 42 Machine Gun Team
MG 42 Machine Gun Team
Grenadier Squad
Grenadier Squad
Construct Panzergrenadier Kompanie
Pak 40 Anti-tank Gun Team
Panzergrenadier Squad
Medical Bunker
Construct Panzer Kompanie
Selects Mechanized Battlegroup
Selects Raid Package
Selects 8 Rad Armored Car
Selects UNKNOWN (2160084)
Forward Retreat Point
Sturmpanzer IV Brummbär
Selects Mobile Repair Stations
Panzer Officer Quarters
Side Skirts
Selects Wespe Self-propelled Artillery
Panzergrenadier Officer Quarters
MG 42 Bunker
MG 42 Bunker
MG 42 Bunker
MG 42 Bunker
Panther Heavy Tank
Selects Zeroing Artillery Barrage
Zeroing Artillery Barrage
DOLPHSTALLONE
Codenames
Emanon
m0NESY
装甲教导团
blobjesus
Oncle-Hô
KAKA
0
0
Comments
sign in to comment!
No comments posted yet!